 Dungeon Crawl Stone Soup version 0.20.1-1-g8b1a95d (webtiles) character file.

77 Golfball the Skirmisher (level 4, -1/45 HPs)
             Began as a Gargoyle Berserker on Aug 3, 2017.
             Was a Believer of Trog.
             Slain by a gnoll
             ... wielding a +0 spear
              (2 damage)
             ... on level 3 of the Dungeon.
             The game lasted 00:05:15 (1477 turns).

Golfball the Skirmisher (Gargoyle Berserker)        Turns: 1477, Time: 00:05:15

Health: -1/45      AC:  6    Str: 26    XL:     4   Next: 34%
Magic:  4/4        EV: 12    Int:  7    God:    Trog [**....]
Gold:   109        SH:  0    Dex: 10    Spells: 3/3 levels left

rFire    . . .     SeeInvis .   a - +1 mace
rCold    . . .     Gourm    .   (no shield)
rNeg     + . .     Faith    .   b - +1 animal skin
rPois    ∞         Spirit   .   (no helmet)
rElec    +         Reflect  .   (no cloak)
rCorr    .         Harm     .   (no gloves)
MR       ++...                  (no boots)
Stlth    ..........             (no amulet)
Regen    1.2/turn               (no ring)
MPRegen  0.1/turn               (no ring)

@: berserking (expiring), regenerating, very quick
A: negative energy resistance 1, electricity resistance, unbreathing,
petrification resistance, rot immunity, AC +3
a: Berserk, Trog's Hand, Burn Spellbooks, Renounce Religion


You were on level 3 of the Dungeon.
You worshipped Trog.
Trog was pleased with you.
You were very hungry.

You visited 1 branch of the dungeon, and saw 4 of its levels.

You collected 109 gold pieces.

Inventory:

Hand Weapons
 a - a +1 mace (weapon)
 e - a +1 dagger of holy wrath
Missiles
 h - 20 poisoned needles
Armour
 b - a +1 animal skin (worn)
Scrolls
 f - a scroll of enchant weapon
 i - a scroll of enchant armour
Potions
 g - 2 potions of lignification
 j - a potion of haste {unknown}
Comestibles
 c - 2 bread rations
 d - a meat ration
 k - a fruit


   Skills:
 + Level 4.4 Fighting
 + Level 4.2 Maces & Flails
 - Level 2.1 Armour
 - Level 1.5 Dodging


You had 3 spell levels left.
You didn't know any spells.

Dungeon Overview and Level Annotations

Branches:
Dungeon (4/15)
 Temple: D:4-7

Altars:


Innate Abilities, Weirdness & Mutations

You are resistant to torment.
Your stone body is resilient. (AC +3)
You are immune to poison.
You resist negative energy. (rN+)
You are resistant to electric shocks. (rElec)
You can survive without breathing.
You are immune to petrification.
You are immune to rotting.


Message History

You barely miss the gnoll.
The gnoll is almost dead.
The gnoll hits you from afar with a spear.
* * * LOW HITPOINT WARNING * * *
The gnoll hits you but does no damage. The gnoll completely misses you.
You bludgeon the gnoll!!
You kill the gnoll!
Trog accepts your kill. The gnoll barely misses you.
The gnoll hits you but does no damage. The gnoll misses you.
Things that are here:
a club; a gnoll corpse You closely miss the gnoll.
You feel the effects of Trog's Hand fading.
The gnoll hits you with a spear.
* * * LOW HITPOINT WARNING * * *
You closely miss the gnoll. The gnoll hits you with a spear.
* * * LOW HITPOINT WARNING * * *
The gnoll hits you with a spear.
You die...

### #.# #.# #.#
#######.############
#...................
#.####..####........
#..# #........
#.####..####g.?.....
#...>......@g.......
...###...###........
# #.....##........
..................
#####.####........
#.# ######### #.#
#+#


You could see 2 gnolls.

Vanquished Creatures
  2 gnolls (D:3)
  An adder (D:2)
  A worm (D:1)
  3 dart slugs
  2 leopard geckos
  A ball python (D:1)
  6 bats
  3 giant cockroaches (D:1)
  4 goblins
  5 hobgoblins
  4 frilled lizards
  5 kobolds
  4 rats
41 creatures vanquished.

Notes
Turn   | Place    | Note
-------+----------+-------------------------------------------
     0 | D:1      | Golfball the Gargoyle Berserker began the quest for the Orb.
     0 | D:1      | Reached XP level 1. HP: 14/14 MP: 1/1
    28 | D:1      | Reached XP level 2. HP: 8/19 MP: 2/2
   809 | D:1      | Reached XP level 3. HP: 24/24 MP: 3/3
  1055 | D:2      | Reached ** piety under Trog
  1349 | D:2      | You fall through a shaft for 2 floors!
  1396 | D:3      | Reached XP level 4. HP: 29/29 MP: 4/4
  1477 | D:3      | HP: 1/45 [gnoll/spear (3)]
  1477 | D:3      | Slain by a gnoll

Skill      XL: |  1  2  3 |
---------------+----------+-----
Fighting       | 4 |  4.4
Maces & Flails | 4 |  4.2
Armour         | |  2.1
Dodging        | |  1.5

Action                   |  1- 3 |  4- 6 || total
-------------------------+-------+-------++-------
Melee: Mace              |   121 |    19 ||   140
Invok: Berserk           |       |     1 ||     1
       Trog's Hand       |       |     1 ||     1
  Use: Scroll            |     4 |       ||     4
 Stab: Sleeping          |     1 |       ||     1
  Eat: Chunk             |     2 |       ||     2
Armor: Animal skin       |    41 |    12 ||    53
Dodge: Dodged            |    80 |    18 ||    98
